Map: Автоматон РВ

Players

Murena

  • Race: Terran Terran
  • Spawn Location: 3:00

ИИ 1 (эксперт) - Winner!

  • Race: Protoss Protoss
  • Spawn Location: 9:00

VOD

Have the link to the VOD?

Description

Time

  • Played on: Feb. 28, 2019, 5:46 a.m.
  • Length: 8:11
Show
View Real Time Build Order
Export as new Build Order

Murena Terran 

Build Orders: 1/1/1 

Get SALT Encoding   

  12  0:00  SCV  
  13  0:12  SCV  
  14  0:19  Supply Depot  
  14  0:25  SCV  
  15  0:30  Refinery  
  15  0:42  Barracks  
  15  0:47  SCV  
  16  0:58  Refinery  
  16  0:59  SCV  
  17  1:09  Supply Depot  
  17  1:12  SCV  
  18  1:30  Factory  
  18  1:34  SCV  
  18  1:38  Marine  
  20  1:46  SCV  
  21  1:56  Supply Depot  
  21  1:58  Marine  
  22  2:02  SCV  
  23  2:15  Starport  
  23  2:20  Marine  
  24  2:24  SCV  
  25  2:37  SCV  
  25  2:38  Supply Depot  
  25  2:39  Marine  
  27  2:53  Fusion Core  
  27  2:55  Starport Tech Lab  
  27  2:59  SCV  
  27  3:02  Marine  
  29  3:08  Factory Reactor  
  29  3:21  Marine  
  30  3:40  Battlecruiser  
  36  3:42  Barracks Tech Lab  
  36  3:46  Hellion  
  38  3:52  Hellion  
  40  4:01  Supply Depot  
  40  4:04  Marauder  
  42  4:13  Hellion  
  44  4:18  Hellion  
  44  4:20  Concussive Shells  
  46  4:27  Marauder  
  48  4:34  Hellion  
  50  4:42  Orbital Command  
  50  4:51  Weapon Refit  
  50  4:54  Marine  
  51  5:03  Banshee  
  54  5:08  SCV  
  55  5:15  Supply Depot  
Show
View Real Time Build Order
Export as new Build Order

ИИ 1 (эксперт) Protoss - Winner!

Build Orders: Colossus Rush 

Get SALT Encoding   

  12  0:00  Probe  
  13  0:13  Probe  
  14  0:21  Pylon  
  14  0:25  Probe  
  15  0:35  Probe  
  16  0:43  Probe  
  16  0:49  Assimilator  
  17  0:52  Probe, Gateway  
  18  1:00  Pylon, Probe  
  19  1:08  Probe  
  20  1:19  Probe  
  21  1:31  Probe  
  22  1:38  Zealot  
  22  1:43  Cybernetics Core, Probe  
  25  2:01  Nexus  
  25  2:03  Probe  
  26  2:11  Warp Gate  
  26  2:15  Probe  
  27  2:22  Stalker  
  29  2:27  Probe  
  29  2:29  Pylon  
  30  2:39  Probe  
  30  2:40  Gateway  
  30  2:44  Assimilator  
  31  2:51  Probe  
  31  2:52  Adept  
  34  3:00  Pylon, Probe  
  35  3:08  Probe  
  37  3:12  Probe  
  37  3:17  Probe  
  37  3:21  Adept  
  37  3:26  Robotics Facility  
  40  3:29  Adept  
  40  3:31  Probe  
  40  3:33  Probe  
  44  3:43  Probe  
  44  3:45  Probe  
  46  3:51  Adept  
  49  3:55  Probe  
  49  3:57  Probe  
  50  4:06  Adept  
  50  4:07  Probe  
  50  4:08  Probe  
  54  4:15  Robotics Bay  
  54  4:16  Probe  
  54  4:18  Pylon  
  54  4:19  Probe  
  54  4:20  Observer, Adept  
  59  4:27  Robotics Facility  
  59  4:32  Probe  
  59  4:33  Pylon  
  59  4:34  Stalker  
  62  4:39  Stalker  
  62  4:44  Probe  
  65  4:46  Pylon, Probe  
  66  5:05  Colossus  
  66  5:07  Gateway  
  66  5:16  Zealot  
  66  5:17  Pylon  
  66  5:19  Zealot  
  76  5:29  Pylon  
  76  5:36  Zealot  
  76  5:39  Zealot  
  78  5:43  Forge  
  78  5:45  Probe, Assimilator  
  78  5:46  Probe  
  74  5:50  Assimilator  
  74  5:56  Stalker  
  72  6:00  Stalker  
  72  6:01  Sentry  
  75  6:04  Probe  
  75  6:06  Probe  
  72  6:15  Probe  
  72  6:17  Photon Cannon, Probe, Zealot  
  72  6:19  Photon Cannon  
  72  6:23  Stalker  
  72  6:24  Sentry  
  72  6:25  Probe  
  75  6:29  Probe  
  75  6:31  Stalker  
  75  6:35  Probe  
  72  6:41  Probe  
  72  6:46  Stalker  
  72  6:47  Probe, Sentry  
  72  6:53  Probe  
  72  6:54  Stalker  
  73  7:00  Probe  
  72  7:05  Probe  
  72  7:07  Forge  
  69  7:09  Stalker  
  69  7:10  Sentry  
  69  7:12  Probe  
  69  7:15  Nexus  
  69  7:17  Probe, Stalker  
  67  7:24  Probe  
  67  7:28  Stalker  
  66  7:32  Stalker  
  65  7:37  Stalker  
  63  7:48  Stalker  
  65  7:53  Probe  
  65  7:55  Sentry  
  65  7:56  Probe  
  69  8:05  Stalker  
Tags
 
Add a new tag
Caveats
  • Supply blocks, unpowered buildings, or Contaminate may cause inaccurate times.
  • Supply counts are checked every 10 seconds.